 Dungeon Crawl Stone Soup version 0.23-a0-61-g4bf3f6c (webtiles) character file.

641 Amnesiac the Conjurer (level 7, -2/46 HPs)
             Began as a Mummy Conjurer on Aug 9, 2018.
             Was a Follower of Dithmenos.
             Slain by an orc (3 damage)
             ... on level 5 of the Dungeon.
             The game lasted 00:08:04 (5314 turns).

Amnesiac the Conjurer (Mummy Conjurer)              Turns: 5314, Time: 00:08:05

Health: -2/46      AC:  5    Str: 12      XL:     7   Next: 26%
Magic:  1/16       EV: 10    Int: 16      God:    Dithmenos [*.....]
Gold:   271        SH:  0    Dex: 11 (12) Spells: 4/18 levels left

rFire    x . .     SeeInvis .   a - +0 hunting sling
rCold    + . .     Gourm    .   (no shield)
rNeg     + + +     Faith    .   f - +0 ring mail
rPois    ∞         Spirit   .   (no helmet)
rElec    .         Reflect  .   (no cloak)
rCorr    .         Harm     .   (no gloves)
MR       .....                  (no boots)
Stlth    ..........             (no amulet)
HPRegen  0.15/turn              i - ring of attention (curse)
MPRegen  0.15/turn              j - ring of wizardry

@: wreathed by umbra
A: no food or potions, fire vulnerability, cold resistance 1, negative energy
resistance 3, torment resistance, unbreathing
a: Renounce Religion


You were on level 5 of the Dungeon.
You worshipped Dithmenos.
Dithmenos was aware of your devotion.
You were not hungry.

You visited 2 branches of the dungeon, and saw 6 of its levels.
You also visited: Sewer.

You collected 271 gold pieces.

Inventory:

Hand Weapons
 a - a +0 hunting sling (weapon)
 b - a +0 long sword
Missiles
 c - 168 stones
 e - 21 poisoned needles
 k - 10 sling bullets (quivered)
Armour
 f - a +0 ring mail (worn)
 o - a +0 shield
Jewellery
 i - a cursed ring of attention (left hand)
 j - a ring of wizardry (right hand)
Scrolls
 d - 3 scrolls of blinking {!r}
 g - 3 scrolls of teleportation {!r}
 h - 2 scrolls of magic mapping {!r}
 l - a scroll of fear {!r}
 m - 2 scrolls of amnesia {!r}


   Skills:
 - Level 1.5 Dodging
 - Level 1.5 Stealth
 + Level 6.1 Spellcasting
 * Level 6.3 Conjurations


You had 4 spell levels left.
You knew the following spells:

 Your Spells              Type           Power        Failure   Level  Hunger
a - Magic Dart            Conj           ####         1%          1    N/A
b - Dazzling Spray        Conj/Hex       ###...       11%         3    N/A
c - Iskenderun's Mystic   Conj           ####....     9%          4    N/A
d - Searing Ray           Conj           ####..       1%          2    N/A
e - Fulminant Prism       Conj/Hex       ###.......   32%         4    N/A

Your spell library contained the following spells:

 Spells                   Type           Power        Failure   Level  Hunger
 Force Lance              Conj/Tloc      ###.....     32%         4    N/A

Dungeon Overview and Level Annotations

Branches:
Dungeon (5/15)             Temple (1/1) D:5

Altars:
Ashenzari
Cheibriados
Dithmenos
Elyvilon
Fedhas
Gozag
Hepliaklqana
Kikubaaqudgha
Makhleb
Nemelex Xobeh
Okawaru
Qazlal
Ru
Sif Muna
Trog
Uskayaw
Wu Jian
Xom
Yredelemnul
Zin
The Shining One


Innate Abilities, Weirdness & Mutations

You do not eat or drink.
Your flesh is vulnerable to fire.
You are immune to poison.
Your flesh is cold resistant. (rC+)
You are immune to negative energy. (rN+++)
You are immune to unholy pain and torment.
You can survive without breathing.


Message History

Confirm with . or Enter, or press ? or * to list all spells.
You can't see any susceptible monsters within range! (Use Z to cast anyway.) No target in view!
Found a stone staircase leading down.
k - 7 sling bullets You see here a worker ant corpse.
k - 11 sling bullets (gained 4)
An orc and an orc wizard come into view.
The orc wizard shouts!
The orc shouts!
You hear a shout!
An orc comes into view. It is wielding a short sword.
An orc comes into view. It is wielding a club.
You hear a shout!
There are monsters nearby!
There are monsters nearby!
The orc shouts!
You hear a shout! x2
You start resting.
An orc comes into view. It is wielding a flail.
The orc hits you with a flail.
* * * LOW HITPOINT WARNING * * *
The orc wizard points at you and mumbles some strange words.
The puff of frost hits you! You resist.
* * * LOW HITPOINT WARNING * * *
The orc wizard miscasts a cantrip.
Firing (i - inventory. (/) - cycle)
k - 11 sling bullets (quivered)
Press: ? - help, Shift-Dir - straight line, f - orc
Aim: an orc, wielding a flail (umbra)
You shoot a sling bullet. The sling bullet barely misses the orc.
The sling bullet hits the orc wizard.
The orc wizard is moderately wounded.
The orc hits you with a flail!
* * * LOW HITPOINT WARNING * * *
An orc comes into view.
You are too injured to fight recklessly!
The orc wizard miscasts a cantrip.
The orc wizard casts a cantrip, but nothing happens.
You aren't carrying any items that you can evoke.
Really read
n - a scroll labeled SUOG DEPTOENNU {!r}?
As you read the scroll labeled SUOG DEPTOENNU {!r}, it crumbles to dust.
You hear a loud clanging noise!
It was a scroll of noise {!r}.
You hear a shout!
The orc hits you with a flail.
* * * LOW HITPOINT WARNING * * *
Casting: Magic Dart (safe; 1% risk of failure)
Confirm with . or Enter, or press ? or * to list all spells.
Aiming: Searing Ray (safe; 1% risk of failure)
Press: ? - help, Shift-Dir - straight line, f/p - orc
Aim: an orc, wielding a flail (umbra)
The searing ray misses the orc. (Press . to maintain the ray.)
The orc barely misses you.
The orc wizard casts a cantrip, but nothing happens.
The orc hits you with a flail.
* * * LOW HITPOINT WARNING * * *
The searing ray hits the orc.
The orc is moderately wounded.
The orc hits you.
* * * LOW HITPOINT WARNING * * *
The searing ray misses the orc.
The orc barely misses you. x2
The searing ray hits the orc.
You kill the orc!
Dithmenos accepts your kill.
You finish channeling your searing ray.
The orc hits you.
You die...

### #..
####.###############.#
......(o.oo.o..)@o...#
####.##############..# #.#
....# #.#.# #...# #.#.#
#...# ####.#.# #...#
...o.#.# #...#
######.####### #.).######
.............#####.........


You could see an orc wizard and 3 orcs.

Vanquished Creatures
  2 bullfrogs (Sewer)
  2 scorpions
  A howler monkey (D:4)
  A quasit (D:5)
  2 orc priests (D:4)
  An orc wizard (D:4)
  A worker ant (D:5)
  2 gnolls
  4 river rats (Sewer)
  7 adders
  An ooze (D:1)
  An adder skeleton (D:5)
  An adder zombie (D:5)
  2 worms
  3 dart slugs
  2 leopard geckos
  5 orcs
  2 giant cockroaches
  9 goblins
  3 hobgoblins
  5 jackals
  A quokka (D:4)
  15 ball pythons
  3 bats
  10 frilled lizards
  8 kobolds
  26 rats
120 creatures vanquished.

Notes
Turn   | Place    | Note
-------+----------+-------------------------------------------
     0 | D:1      | Amnesiac the Mummy Conjurer began the quest for the Orb.
     0 | D:1      | Reached XP level 1. HP: 13/13 MP: 4/4
   153 | D:3      | Reached XP level 2. HP: 19/19 MP: 0/6
   157 | D:3      | Learned a level 2 spell: Searing Ray
   238 | D:3      | Found a basalt altar of Yredelemnul.
   328 | D:4      | Reached XP level 3. HP: 24/24 MP: 2/8
   333 | D:4      | Learned a level 3 spell: Dazzling Spray
   471 | D:4      | Found a glowing drain.
   649 | D:4      | Reached XP level 4. HP: 30/30 MP: 6/10
   841 | Sewer    | Entered a sewer
   999 | Sewer    | Reached XP level 5. HP: 35/35 MP: 6/11
  1006 | Sewer    | Learned a level 4 spell: Iskenderun's Mystic Blast
  1849 | Sewer    | Reached skill level 5 in Spellcasting
  1849 | Sewer    | Reached skill level 5 in Conjurations
  1977 | Sewer    | Reached XP level 6. HP: 41/41 MP: 8/13
  1983 | Sewer    | Learned a level 4 spell: Fulminant Prism
  2168 | D:5      | Entered Level 5 of the Dungeon
  2333 | D:5      | Found a staircase to the Ecumenical Temple.
  2346 | Temple   | Entered the Ecumenical Temple
  2431 | Temple   | Became a worshipper of Dithmenos the Shadowed
  3920 | D:2      | Reached * piety under Dithmenos
  4887 | D:5      | Reached XP level 7. HP: 38/46 MP: 7/15
  5311 | D:5      | HP: 1/46 [orc/flail (3)]
  5314 | D:5      | Slain by an orc

Vault maps used:
D:1:      mrwooster_arrival_statue_2
D:3:      first_ration, lemuel_statue_altar
D:4:      portal_sewer_entry_d, grunt_ministairs_12
D:5:      minmay_temple_entry_junction
Temple:   grunt_wide_crystal_templ
Sewer:    sewer_minmay_w

Skill      XL: |  1  2  3  4  5  6  7 |
---------------+----------------------+-----
Spellcasting   | 3 4 5 6 |  6.1
Conjurations   | 4 5 6 |  6.3
Dodging        | |  1.5
Stealth        | |  1.5

Action                   |  1- 3 |  4- 6 |  7- 9 || total
-------------------------+-------+-------+-------++-------
Melee: Dagger            |     5 |       |       ||     5
 Fire: Hunting sling     |       |    18 |    26 ||    44
 Cast: Magic Dart        |    16 |   154 |    25 ||   195
       Searing Ray       |     5 |    15 |     4 ||    24
  Use: Scroll            |     3 |     5 |     3 ||    11
Armor: Ring mail         |     4 |    38 |    10 ||    52
Dodge: Dodged            |    10 |    56 |    33 ||    99

Table legend:
 A = Non-vault XP
 B = Vault XP
 C = Vault XP percentage of total XP
 D = Non-vault monster count
 E = Vault monster count
 F = Vault count percentage of total count
 G = Total turns spent on level
                 A         B        C        D         E       F
            +---------+---------+-------+---------+---------+-------
      Total |     608 |     309 |  33.7 |      72 |      48 |  40.0
            +---------+---------+-------+---------+---------+-------
        D:1 |      36 |       0 |   0.0 |      17 |       0 |   0.0
        D:2 |      37 |       0 |   0.0 |      14 |       0 |   0.0
        D:3 |      44 |       0 |   0.0 |      17 |       0 |   0.0
        D:4 |     270 |      16 |   5.6 |      10 |       2 |  16.7
        D:5 |     221 |       0 |   0.0 |      14 |       0 |   0.0
      Sewer |       0 |     293 | 100.0 |       0 |      46 | 100.0
            +---------+---------+-------+---------+---------+-------
